 Dungeon Crawl Stone Soup version 0.31-a0-675-g238779eb0a (webtiles) character file.

Game seed: 13055238877367926982

562 qw the Shooter (level 7, 0/43 HPs)
             Began as a Gargoyle Hunter on Sept 5, 2023.
             Slain by a gnoll
             ... wielding a +0 halberd
              (4 damage)
             ... on level 4 of the Dungeon.
             The game lasted 00:01:18 (3023 turns).

qw the Shooter (Gargoyle Hunter)                    Turns: 3023, Time: 00:01:19

Health: 0/43       AC: 10    Str: 14    XL:     7   Next: 32%
Magic:  7/7        EV: 11    Int: 10    God:
Gold:   58         SH:  0    Dex: 15    Spells: 6/6 levels left

rFire   . . .        Y - +1 shortbow
rCold   . . .        (shield currently unavailable)
rNeg    + + .        i - +0 ring mail
rPois   inf          (no helmet)
rElec   +            (no cloak)
rCorr   .            (no gloves)
SInv    .            (no boots)
Will    .....        (no amulet)
Stlth   +            e - ring of positive energy
HPRegen 0.27/turn    (no ring)
MPRegen 0.10/turn

%: no passive effects
@: no status effects
A: sickness immunity, AC +4, negative energy resistance 1, electricity
resistance, torment resistance 1, petrification resistance
a: no special abilities


You were on level 4 of the Dungeon.
You visited 1 branch of the dungeon, and saw 4 of its levels.

You collected 130 gold pieces.
You spent 72 gold pieces at shops.


Innate Abilities, Weirdness & Mutations

You are immune to sickness and miasma.
Your stone body is resilient. (AC +4)
You are immune to poison.
You resist negative energy. (rN+)
You are resistant to electric shocks. (rElec)
You are resistant to unholy torment.
You are immune to petrification.


   Skills:
 - Level 4.0 Fighting
 + Level 7.5 Ranged Weapons
 - Level 2.8 Armour
 - Level 1.5 Dodging
 - Level 1.1 Stealth


You had 6 spell levels left.
You didn't know any spells.
Your spell library was empty.

Inventory:

Hand Weapons
 Y - a +1 shortbow (weapon)
Armour
 i - a +0 ring mail (worn)
Jewellery
 e - a ring of positive energy (left hand)
 g - an amulet of regeneration
Scrolls
 b - a scroll of identify
 c - a scroll of blinking {unknown}
 f - a scroll of fog {unknown}
Potions
 a - a potion of curing {unknown}
 d - 2 potions of enlightenment
 h - a potion of lignification {unknown}

Dungeon Overview and Level Annotations

Branches:
Dungeon (4/15)
 Temple: D:4-7

Altars:
Makhleb
Trog

Shops:
D:3 *


Message History

You shoot an arrow. The arrow hits the gnoll.
The gnoll is moderately wounded.
A gnoll comes into view. It is wielding a +0 flail.
You shoot an arrow. The gnoll shouts!
The arrow hits the gnoll!
The gnoll is severely wounded.
You shoot an arrow. The arrow closely misses the gnoll.
You shoot an arrow. The arrow barely misses the gnoll.
The arrow hits the gnoll but does no damage.
The gnoll is severely wounded.
You shoot an arrow. The arrow completely misses the gnoll.
The arrow barely misses the gnoll.
The gnoll barely misses you. x2
You shoot an arrow. The arrow hits the gnoll!
You kill the gnoll!
The gnoll hits you but does no damage.
You shoot an arrow.
The arrow hits the gnoll but does no damage.
The gnoll is severely wounded.
The gnoll hits you but does no damage.
The gnoll hits you from afar with a +0 halberd!
You shoot an arrow. The arrow closely misses the gnoll.
The arrow hits the gnoll!
The gnoll is heavily wounded.
The gnoll barely misses you.
The gnoll hits you from afar with a +0 halberd!
The gnoll barely misses you. The gnoll hits you but does no damage.
The gnoll barely misses you.
The gnoll hits you from afar with a +0 halberd!
You shoot an arrow. The arrow hits the gnoll.
The gnoll is moderately wounded.
The gnoll hits you from afar with a +0 halberd.
The gnoll barely misses you. The gnoll hits you with a +0 flail.
You shoot an arrow. The arrow barely misses the gnoll.
The arrow hits the gnoll.
The gnoll is almost dead.
The gnoll closely misses you. The gnoll barely misses you.
You shoot an arrow. The arrow barely misses the gnoll.
The gnoll hits you from afar with a +0 halberd. x2
You die...

..###########
........#...##+#######
#.......#.............
+.......#.............
#.......#.............
#+#..).g..#.............
.....g....###.##.##..##.
#@g...#.##.######.
+..'....>#.....#.....
#..#.....#.....#.....
#####.....#..#########
#.........##'#####....
#.........#...'..#....
#.........#...##.#....
#........%###..._.....
#.............##.#....


You could see 3 gnolls.

Vanquished Creatures
  A phantom (D:3)
  A bullfrog (D:4)
  A scorpion (D:4)
  A howler monkey (D:4)
  2 hounds (D:4)
  An orc priest (D:4)
  A jelly (D:4)
  A gnoll bouda (D:4)
  An orc wizard (D:4)
  3 adders
  4 gnolls (D:4)
  2 dart slugs
  2 worms (D:2)
  7 orcs (D:4)
  4 endoplasms
  5 giant cockroaches
  2 hobgoblins
  5 jackals
  6 kobolds
  2 quokkas
  8 ball pythons
  3 bats
  6 frilled lizards
  12 goblins
  6 rats
87 creatures vanquished.

Notes
Turn   | Place    | Note
-------+----------+-------------------------------------------
     0 | D:1      | qw the Gargoyle Hunter began the quest for the Orb.
     0 | D:1      | Reached XP level 1. HP: 12/12 MP: 1/1
     0 | D:1      | 0 ||| qw: Version: 0.3-a-75-g829b12e
     0 | D:1      | 0 ||| qw: Game counter: 192
     0 | D:1      | 0 ||| qw: Melee chars always use a shield: true
     0 | D:1      | 0 ||| qw: God list: Okawaru
     0 | D:1      | 0 ||| qw: Allow faded altars: false
     0 | D:1      | 0 ||| qw: Do Orc after clearing Dungeon:15 true
     0 | D:1      | 0 ||| qw: Do second Lair branch before Depths: true
     0 | D:1      | 0 ||| qw: Lair rune preference: random
     0 | D:1      | 0 ||| qw: Goals: Normal
     0 | D:1      | 0 ||| PLANNING D:1-11
   157 | D:1      | 157 ||| DROPPING scroll of butterflies.
   221 | D:1      | Reached XP level 2. HP: 17/17 MP: 2/2
  1005 | D:1      | 1005 ||| READING scroll labelled XOCOLA EDOSANAEX.
  1082 | D:2      | 1082 ||| STAIRDANCE
  1151 | D:2      | Reached XP level 3. HP: 21/21 MP: 3/3
  1178 | D:2      | Reached skill level 5 in Ranged Weapons
  1280 | D:2      | Found a bloodstained altar of Trog.
  1351 | D:2      | Found a faded altar of an unknown god.
  1457 | D:2      | Reached skill level 3 in Fighting
  1489 | D:2      | 1489 ||| READING 2 scrolls labelled ORGHAQ IDOONAWN.
  1490 | D:2      | 1490 ||| READING scroll labelled ETSIGO ORYCE.
  1491 | D:2      | 1491 ||| READING scroll labelled LIDUDDE MAELUU.
  1592 | D:2      | 1592 ||| READING scroll labelled DOOVEITABO.
  1593 | D:2      | 1593 ||| READING scroll labelled FUICOU WOPA.
  1594 | D:2      | 1594 ||| DROPPING scroll of immolation.
  1673 | D:3      | Reached XP level 4. HP: 28/28 MP: 4/4
  1938 | D:3      | Found Ikiofol's General Store.
  1946 | D:3      | 1946 ||| BUYING +0 ring mail (48 gold).
  1946 | D:3      | Bought a +0 ring mail for 48 gold pieces
  1946 | D:3      | 1946 ||| SHOPLISTING potion of resistance (120 gold, have
                  | 39).
  1946 | D:3      | 1946 ||| BUYING scroll of identify (24 gold).
  1946 | D:3      | Bought a scroll of identify for 24 gold pieces
  2249 | D:3      | 2249 ||| UPGRADING to +0 ring mail.
  2259 | D:3      | 2259 ||| DROPPING +0 leather armour.
  2260 | D:3      | 2260 ||| UPGRADING to ring of positive energy.
  2261 | D:3      | 2261 ||| READING scroll labelled BUNEIH MAYWOPT.
  2262 | D:3      | 2262 ||| READING scroll labelled ROUHUIXA NORI.
  2263 | D:3      | 2263 ||| READING 3 scrolls of identify.
  2263 | D:3      | 2263 ||| IDENTIFYING dark potion
  2264 | D:3      | 2264 ||| READING 2 scrolls of identify.
  2264 | D:3      | 2264 ||| IDENTIFYING green potion
  2265 | D:3      | 2265 ||| DROPPING potion of brilliance.
  2272 | D:4      | Noticed a phantom
  2278 | D:4      | 2278 ||| STAIRDANCE
  2287 | D:3      | Killed a phantom
  2288 | D:3      | Reached XP level 5. HP: 32/32 MP: 5/5
  2325 | D:4      | 2325 ||| FLEEEEING.
  2326 | D:4      | 2326 ||| FLEEEEING.
  2327 | D:4      | 2327 ||| FLEEEEING.
  2328 | D:4      | 2328 ||| FLEEEEING.
  2329 | D:4      | 2329 ||| FLEEEEING.
  2330 | D:4      | 2330 ||| FLEEEEING.
  2332 | D:4      | 2332 ||| STAIRDANCE
  2369 | D:4      | Reached skill level 6 in Ranged Weapons
  2453 | D:4      | Reached XP level 6. HP: 35/38 MP: 6/6
  2705 | D:4      | 2705 ||| Stepping ~*~*~tactically~*~*~ (outnumbered).
  2706 | D:4      | 2706 ||| Stepping ~*~*~tactically~*~*~ (outnumbered).
  2707 | D:4      | 2707 ||| Stepping ~*~*~tactically~*~*~ (outnumbered).
  2708 | D:4      | 2708 ||| Stepping ~*~*~tactically~*~*~ (outnumbered).
  2709 | D:4      | 2709 ||| Stepping ~*~*~tactically~*~*~ (outnumbered).
  2710 | D:4      | 2710 ||| Stepping ~*~*~tactically~*~*~ (outnumbered).
  2848 | D:4      | Found a burning altar of Makhleb.
  2863 | D:4      | Reached XP level 7. HP: 40/43 MP: 7/7
  2909 | D:4      | Reached skill level 7 in Ranged Weapons
  3010 | D:4      | 3010 ||| Stepping ~*~*~tactically~*~*~ (outnumbered).
  3021 | D:4      | HP: 8/43 [gnoll/+0 flail (4)]
  3023 | D:4      | Slain by a gnoll

Levels and vault maps discovered:
D:1:      dpeg_arrival_chambers_temple_mockup, layout_basic, serial_glass,
          glass_columns_a, glass_columns_b, glass_columns_a, glass_columns_a,
          glass_columns_c, glass_columns_a
D:2:      layout_rooms, basic_altar, ebering_ecumenical_altar_hall,
          kennysheep_generic_room_7
D:3:      layout_loops_ring, serial_shops, shop, roderic_roman_lattice
D:4:      layout_gridville, lemuel_crystal_altar

Skill      XL: |  1  2  3  4  5  6  7 |
---------------+----------------------+-----
Ranged Weapons | 5 6 7 |  7.5
Fighting       | 3 4 |  4.0
Armour         | 2 |  2.8
Dodging        | |  1.5
Stealth        | |  1.1

Action                     |  1- 3 |  4- 6 |  7- 9 || total
---------------------------+-------+-------+-------++-------
   Fire: Shortbow          |   119 |   136 |    50 ||   305
    Use: Scroll            |     6 |     4 |       ||    10
 Armour: Leather armour    |    25 |     4 |       ||    29
         Ring mail         |       |    37 |    29 ||    66
  Dodge: Dodged            |    33 |    46 |    11 ||    90

Table legend:
 A = Non-vault XP
 B = Vault XP
 C = Vault XP percentage of total XP
 D = Non-vault monster count
 E = Vault monster count
 F = Vault count percentage of total count
                 A         B        C        D         E       F
            +---------+---------+-------+---------+---------+-------
      Total |     798 |       6 |   0.7 |      84 |       3 |   3.4
            +---------+---------+-------+---------+---------+-------
        D:1 |      25 |       0 |   0.0 |      15 |       0 |   0.0
        D:2 |      48 |       6 |  11.1 |      19 |       3 |  13.6
        D:3 |     160 |       0 |   0.0 |      20 |       0 |   0.0
        D:4 |     565 |       0 |   0.0 |      30 |       0 |   0.0
            +---------+---------+-------+---------+---------+-------
